 Dungeon Crawl Stone Soup version 0.21.0-3-g78d12a8 (webtiles) character file.

738 komo4ek the Covert (level 7, 0/33 HPs)
             Began as a Spriggan Assassin on Jan 15, 2018.
             Killed by nerve-wracking pain
             ... invoked by a shadow imp
              (11 damage)
             ... on level 4 of the Dungeon.
             The game lasted 00:13:13 (5183 turns).

komo4ek the Covert (Spriggan Assassin)              Turns: 5183, Time: 00:13:15

Health: 0/33       AC:  3    Str:  7    XL:     7   Next: 46%
Magic:  8/8        EV: 17    Int: 13    God:
Gold:   147        SH:  0    Dex: 19    Spells: 6/6 levels left

rFire    . . .     SeeInvis +   b - +0 blowgun
rCold    + . .     Gourm    .   (shield restricted)
rNeg     . . .     Faith    .   c - +0 robe
rPois    .         Spirit   .   (helmet restricted)
rElec    .         Reflect  .   d - +0 cloak
rCorr    .         Harm     .   (gloves unavailable)
MR       +....                  (boots unavailable)
Stlth    ++++++....             (no amulet)
HPRegen  0.11/turn              (no ring)
MPRegen  0.11/turn              p - ring of protection from cold

@: very quick
A: very small, unfitting armour, see invisible, herbivore, speed 3, slow
metabolism 2
a: no special abilities


You were on level 4 of the Dungeon.
You were not hungry.

You visited 1 branch of the dungeon, and saw 5 of its levels.

You collected 147 gold pieces.

Inventory:

Hand Weapons
 a - a +2 dagger
 b - a +0 blowgun (weapon)
 t - a +1 dagger of speed
 y - a cursed +0 hand crossbow
Missiles
 e - 5 poisoned needles (quivered)
 f - a curare-tipped needle
Armour
 c - a +0 robe (worn)
 d - a +0 cloak (worn)
Jewellery
 k - a +3 ring of evasion {unknown}
 p - a ring of protection from cold (right hand)
Scrolls
 h - a scroll of teleportation
 i - 3 scrolls of remove curse
 m - 3 scrolls of enchant armour {unknown}
 o - 3 scrolls of identify {unknown}
 s - a scroll of enchant weapon {unknown}
 w - a scroll of amnesia {unknown}
 x - a scroll of immolation {unknown}
Potions
 j - 2 potions of mutation {unknown}
 l - a potion of curing {unknown}
 n - 3 potions of magic {unknown}
 q - 2 potions of might {unknown}
 r - a potion of agility {unknown}
 u - a potion of heal wounds {unknown}
 v - a potion of cancellation {unknown}
Comestibles
 g - 9 rations


   Skills:
 - Level 1.5 Fighting
 - Level 2.1 Short Blades
 - Level 2.0 Throwing
 - Level 1.5 Dodging
 + Level 13.5 Stealth


You had 6 spell levels left.
You didn't know any spells.

Dungeon Overview and Level Annotations

Branches:
Dungeon (5/15)
 Temple: D:4-7

Altars:
Fedhas
Nemelex Xobeh
Sif Muna
Trog
Yredelemnul

Annotations:
D:5 kegs's ghost, novice HOFi


Innate Abilities, Weirdness & Mutations

You are very small and have problems with some larger weapons.
You are too small for most types of armour.
You have supernaturally acute eyesight. (SInv)
You are a herbivore.
You cover ground extremely quickly.
You need consume almost no food.


Message History

The poisoned needle barely misses the shadow imp.
Items here: ))) [[ a robe; a dagger; a club; a chain mail; a club Firing (i - inventory. (,) - cycle):
e - 7 poisoned needles (quivered)
Press: ? - help, Shift-Dir - straight line, f/p - shadow imp
Aim: a shadow imp (moderately wounded)
You shoot a poisoned needle.
The poisoned needle hits the shadow imp.
The shadow imp is moderately wounded.
The shadow imp shouts, "Admit defeat, thou impertinent common-kissing clam!"
Firing (i - inventory. (,) - cycle):
e - 6 poisoned needles (quivered)
Press: ? - help, Shift-Dir - straight line, f/p - shadow imp
Aim: a shadow imp (moderately wounded)
You shoot a poisoned needle.
The poisoned needle hits the shadow imp.
The shadow imp is poisoned.
The shadow imp is moderately wounded.
The shadow imp gestures at you. Pain shoots through your body!
You die...

#########################
................@..5..(.#
###.###################.#
....###################.#
###.##..........[....##.# ### #
#.##.#############.##.#######..
###.##.#.### #...#..((.(((.#
..#.##.#...# #...#.†########
#.#....#.#.# #...........5(.
#.####.#.#.########.......#######


You could see a shadow imp.

Vanquished Creatures
  Edmund (D:4)
  Menkaure (D:5)
  An ogre (D:4)
  A howler monkey (D:4)
  A jelly (D:4)
  2 hounds (D:4)
  2 worker ants (D:4)
  2 orc wizards
  4 gnolls (D:3)
  4 adders (D:2)
  An adder zombie (D:5)
  An adder skeleton (D:3)
  2 worms (D:3)
  A dart slug (D:3)
  3 leopard geckos
  5 orcs
  A ball python (D:2)
  4 giant cockroaches
  5 goblins
  3 hobgoblins
  7 jackals
  6 kobolds
  5 quokkas
  8 bats
  6 frilled lizards
  A quokka skeleton (D:4)
  16 rats
94 creatures vanquished.

Notes
Turn   | Place    | Note
-------+----------+-------------------------------------------
     0 | D:1      | komo4ek the Spriggan Assassin began the quest for the Orb.
     0 | D:1      | Reached XP level 1. HP: 10/10 MP: 2/2
    11 | D:1      | Noticed a black bear
    11 | D:1      | Noticed a salamander
    37 | D:1      | Reached skill level 6 in Stealth
   365 | D:1      | Reached XP level 2. HP: 13/14 MP: 3/3
   969 | D:2      | Reached skill level 7 in Stealth
  1079 | D:2      | Reached XP level 3. HP: 9/18 MP: 4/4
  1329 | D:2      | Reached skill level 8 in Stealth
  1689 | D:2      | Reached XP level 4. HP: 22/22 MP: 5/5
  1755 | D:2      | Noticed a moth of wrath
  1758 | D:2      | Found a bloodstained altar of Trog.
  1854 | D:2      | Found a basalt altar of Yredelemnul.
  2157 | D:3      | Reached skill level 9 in Stealth
  2252 | D:3      | Found a blossoming altar of Fedhas.
  2322 | D:3      | Reached XP level 5. HP: 10/25 MP: 6/6
  2847 | D:3      | Reached skill level 10 in Stealth
  3191 | D:4      | Noticed an ogre
  3241 | D:4      | Killed an ogre
  3241 | D:4      | Reached skill level 11 in Stealth
  3241 | D:4      | Reached XP level 6. HP: 30/30 MP: 7/7
  3357 | D:4      | Found a sparkling altar of Nemelex Xobeh.
  3422 | D:4      | Found a deep blue altar of Sif Muna.
  3434 | D:4      | Noticed Edmund
  3491 | D:4      | Killed Edmund
  3491 | D:4      | Reached skill level 12 in Stealth
  4154 | D:4      | Reached XP level 7. HP: 21/33 MP: 8/8
  4503 | D:5      | Entered Level 5 of the Dungeon
  4503 | D:5      | Noticed kegs's ghost (novice HOFi)
  4541 | D:5      | Noticed Menkaure
  4543 | D:5      | Killed Menkaure
  4543 | D:5      | Reached skill level 13 in Stealth
  5183 | D:4      | Killed from afar by a shadow imp

Skill      XL: |  1  2  3  4  5  6  7 |
---------------+----------------------+-----
Stealth        | 6 7 8 9 11 12 13 | 13.5
Fighting       | |  1.5
Short Blades   | |  2.1
Throwing       | |  2.0
Dodging        | |  1.5

Action                   |  1- 3 |  4- 6 |  7- 9 || total
-------------------------+-------+-------+-------++-------
Melee: Dagger            |   102 |   212 |    47 ||   361
 Fire: Blowgun           |    18 |    41 |    40 ||    99
  Use: Scroll            |       |     2 |       ||     2
 Stab: Sleeping          |    13 |    20 |     2 ||    35
       Distracted        |     2 |     1 |       ||     3
  Eat: Ration            |       |     1 |       ||     1
Armor: Robe              |     5 |    23 |     7 ||    35
Dodge: Dodged            |    49 |   102 |    38 ||   189
